 Dungeon Crawl Stone Soup version 0.26-a0-597-gb535b0901c (webtiles) character file.

Game seed: 11209562113558821461

655 Ge0ff the Skirmisher (level 7, 0/66 HPs)
             Began as a Green Draconian Abyssal Knight on Aug 26, 2020.
             Was a Priest of Lugonu.
             Shot themself with an iceblast (9 damage)
             ... on level 4 of the Dungeon.
             The game lasted 00:07:51 (3985 turns).

Ge0ff the Skirmisher (DrAK)                         Turns: 3985, Time: 00:07:51

Health: 0/66       AC: 12    Str: 15    XL:     7   Next: 29%
Magic:  8/8        EV: 12    Int: 12    God:    Lugonu [***...]
Gold:   236        SH:  0    Dex: 12    Spells: 6/6 levels left

rFire    . . .     SeeInvis .   (no weapon)
rCold    . . .     Faith    .   (no shield)
rNeg     . . .     Spirit   .   (armour unavailable)
rPois    +         Reflect  .   V - +0 hat
rElec    .         Harm     .   (no cloak)
rCorr    .                      N - +2 pair of gloves
MR       .....                  O - +2 pair of boots
Stlth    +.........             (no amulet)
HPRegen  0.21/turn              (no ring)
MPRegen  0.11/turn              (no ring)

@: lethally poisoned (0 -> -13)
A: breathe noxious fumes, unfitting armour, poison resistance, cold-blooded, AC
+6
a: Breathe Noxious Fumes, Depart the Abyss, Bend Space, Banish, Renounce
Religion


You were on level 4 of the Dungeon.
You worshipped Lugonu.
Lugonu was most pleased with you.
You visited 1 branch of the dungeon, and saw 6 of its levels.
You visited the Abyss 1 time.

You collected 236 gold pieces.

Inventory:

Hand Weapons
 b - a +1 dagger of venom
 S - a +0 hunting sling
Missiles
 e - 122 stones (quivered)
 j - 36 sling bullets
Armour
 N - a +2 pair of gloves (worn)
 O - a +2 pair of boots (worn)
 V - a +0 hat (worn)
Wands
 k - a wand of iceblast (8)
Scrolls
 i - 4 scrolls of identify
 C - 8 scrolls of remove curse
 T - 3 scrolls of teleportation
Potions
 l - 2 potions of lignification {unknown}
 q - 5 potions of curing
 M - a potion of might
 U - 2 potions of cancellation {unknown}
 W - 3 potions of heal wounds {!q}
 Z - 3 potions of degeneration {unknown}


   Skills:
 + Level 7.0 Fighting
 - Level 1.0 Short Blades
   Level 5.8 Polearms
 - Level 2.1 Dodging
 - Level 2.0 Invocations


You had 6 spell levels left.
You didn't know any spells.
Your spell library was empty.

Dungeon Overview and Level Annotations

Branches:
Dungeon (6/15)
 Temple: D:4-7

Altars:
Wu Jian

Shops:
D:4 *


Innate Abilities, Weirdness & Mutations

You can breathe blasts of noxious fumes.
Your lurid green scales are hard. (AC +6)
You cannot fit into any form of body armour.
Your system is resistant to poisons. (rPois)
You are cold-blooded and may be slowed by cold attacks.


Message History

The water moccasin poisons you!
Evoke which item? (* to show all) (? for menu, Esc to quit)
Aiming: Iceblast
Press: ? - help, Shift-Dir - straight line, f - water moccasin
Aim: a water moccasin (severely wounded) That beam is likely to hit you.
Continue anyway?
The mass of ice explodes!
The iceblast engulfs the water moccasin!
You kill the water moccasin!
Lugonu accepts your kill.
Your Fighting skill increases to level 7!
The iceblast engulfs you!
* * * LOW HITPOINT WARNING * * *
x2 You feel sick.
Evoke which item? (* to show all) (? for menu, Esc to quit)
Aiming: Iceblast
Press: ? - help, Shift-Dir - straight line, f - you That beam is likely to hit you.
Continue anyway?
The mass of ice explodes!
The iceblast engulfs you!
You die...

#.#####...##
#§#§##.###.###########
#§§§#.## ##...8.†.8..##
###§#.# #.8.8.8.8...#
#§#.## ##.8.8.8.8.#.#
#§##.###..8...8...#.#
#§###...###########.#####
#.########## ### #......
#)......@†.# #.# #######
##########.# #.# #.# #.#
######## ##.###.#
#......[ ##.#.##.#
#.######
##.###.#.###.###### #.##
##.....)......
##.###.#.###.######
##.#.##.# #.#


There were no monsters in sight!

Vanquished Creatures
  2 water moccasins (D:4)
  An ogre (D:4)
  A bullfrog (D:6)
  A howler monkey (D:4)
  A hound (D:4)
  An iguana (D:4)
  A worker ant (D:5)
  7 adders
  4 oozes
  An adder zombie (D:6)
  2 worms
  6 leopard geckos
  4 orcs
  2 giant cockroaches (D:2)
  9 goblins
  4 hobgoblins
  15 jackals
  7 kobolds
  3 quokkas
  5 ball pythons
  5 bats (D:2)
  10 frilled lizards
  9 rats
101 creatures vanquished.

Notes
Turn   | Place    | Note
-------+----------+-------------------------------------------
     0 | Abyss:1  | Ge0ff the Draconian Abyssal Knight began the quest for the
                  | Orb.
     0 | Abyss:1  | Reached XP level 1. HP: 19/19 MP: 2/2
    48 | Abyss:1  | Noticed a wretched star
    55 | Abyss:1  | Noticed a storm dragon skeleton
    60 | D:1      | Escaped the Abyss
   125 | D:1      | Reached * piety under Lugonu
   125 | D:1      | Reached XP level 2. HP: 17/26 MP: 2/2
   360 | D:1      | Reached skill level 1 in Short Blades
   587 | D:1      | Reached XP level 3. HP: 31/31 MP: 3/3
  1172 | D:2      | Reached ** piety under Lugonu
  1323 | D:2      | Reached XP level 4. HP: 40/40 MP: 4/4
  1506 | D:2      | Reached skill level 4 in Fighting
  2079 | D:3      | Found an ornate altar of the Wu Jian Council.
  2192 | D:3      | You fall into a shaft and drop 3 floors!
  2275 | D:6      | Noticed a bullfrog
  2287 | D:6      | Killed a bullfrog
  2287 | D:6      | Reached XP level 5. HP: 43/47 MP: 5/5
  2329 | D:6      | Noticed an orc warrior
  2483 | D:5      | Entered Level 5 of the Dungeon
  2722 | D:4      | Reached skill level 5 in Fighting
  2792 | D:4      | Noticed an ice beast
  3086 | D:3      | Reached XP level 6. HP: 56/56 MP: 6/6
  3295 | D:4      | Reached skill level 5 in Polearms
  3499 | D:4      | Reached *** piety under Lugonu
  3806 | D:4      | Reached skill level 6 in Fighting
  3944 | D:4      | Found Hules's Serpentskin Sales.
  3944 | D:4      | Noticed a water moccasin
  3944 | D:4      | Noticed a water moccasin
  3957 | D:4      | Killed a water moccasin
  3957 | D:4      | Your scales start taking on a lurid green colour.
  3957 | D:4      | Reached XP level 7. HP: 53/64 MP: 8/8
  3957 | D:4      | Gained mutation: Your system is resistant to poisons.
                  | (rPois) [Green Draconian growth]
  3984 | D:4      | Reached skill level 7 in Fighting
  3985 | D:4      | Shot themself with an iceblast

Illustrated notes

Levels and vault maps discovered:
D:1:      onia_arrival_handbag, layout_rooms
D:2:      layout_rooms
D:3:      layout_rooms, lemuel_round_altar
D:4:      cheibrodos_barr_body, layout_loops_ring, small_statue_alley_b,
          guppyfry_shop_venom
D:5:      layout_loops_ring, basic_altar, serial_shops, shop
D:6:      lemuel_slime, layout_rooms

Skill      XL: |  1  2  3  4  5  6  7 |
---------------+----------------------+-----
Polearms       | 3 4 5 |  5.8
Short Blades   | 1 |  1.0
Fighting       | 4 5 6 7 |  7.0
Dodging        | |  2.1
Invocations    | |  2.0

Action                   |  1- 3 |  4- 6 |  7- 9 || total
-------------------------+-------+-------+-------++-------
Melee: Dagger            |    96 |   199 |       ||   295
       Spear             |     3 |    11 |     3 ||    17
       Tailslap          |    10 |    24 |       ||    34
Throw: Stone             |    61 |    76 |       ||   137
Invok: Depart the Abyss  |     1 |       |       ||     1
       Bend Space        |       |     2 |       ||     2
Evoke: Wand              |       |     1 |     4 ||     5
  Use: Scroll            |     4 |       |     7 ||    11
       Potion            |       |     1 |       ||     1
Armor: Skin              |    29 |    69 |     6 ||   104
Dodge: Dodged            |    61 |   137 |     7 ||   205

Table legend: (Time is in decaauts)
 A = Elapsed time spent in this place.
 B = Non-inter-level travel time spent in this place.
 C = Inter-level travel time spent in this place.
 D = Time resting spent in this place.
 E = Time spent auto-exploring this place.
 F = Levels seen in this place.
 G = Mean time per level.
                   A        B        C        D        E       F      G
               +--------+--------+--------+--------+--------+-----+--------+
         Total |   3982 |   3887 |     95 |    225 |   2592 |   7 |  568.9 |
       Dungeon |   3922 |   3827 |     95 |    225 |   2592 |   6 |  653.7 |
         Abyss |     60 |     60 |      0 |      0 |      0 |   1 |   60.0 |
               +--------+--------+--------+--------+--------+-----+--------+

Top non-repeatable levels by time:
     D:1: 905 daAuts
     D:4: 904 daAuts
     D:3: 834 daAuts
     D:2: 782 daAuts
     D:6: 289 daAuts
     D:5: 206 daAuts
 Abyss:1: 60 daAuts
